 Dungeon Crawl Stone Soup version 0.31-a0-1499-ge0622b2318 (console) character file.

Game seed: 1755761457899534087

641722 petzl the Scorcher (level 27, -14/191 (201) HPs)
             Began as a Formicid Delver on Dec 29, 2023.
             Was the Champion of Vehumet.
             Demolished by a death cob (20 damage)
             ... on level 4 of the Realm of Zot on Dec 31, 2023.
             The game lasted 10:44:24 (111546 turns).

petzl the Scorcher (Formicid Delver)              Turns: 111546, Time: 10:44:25

HP:   -14/191 (201) AC: 16    Str: 12    XL:     27
MP:   13/47         EV: 14    Int: 36    God:    Vehumet [******]
Gold: 8118          SH: 11    Dex: 15    Spells: 1/66 levels left

rFire   + + .        b - +4 demon whip (spect)
rCold   + + +        k - +2 buckler {reflect}
rNeg    + . .        l - +0 faerie dragon scales {^Contam rF+ Will+ rCorr Int+4}
rPois   .            (helmet unavailable)
rElec   +            s - +2 cloak {rF+}
rCorr   +            H - +0 pair of gloves "Tinud" {rN+ Regen+ Str-4}
SInv    +            W - +0 pair of boots "Laukkas" {^Drain rElec rC+++ Int+4}
Will    +++..        V - amulet of the acrobat
Stlth   ++++         Q - ring of wizardry
HPRegen 1.31/turn    n - ring "Dyraq" {Str-4 Int+7 Slay+4}
MPRegen 0.30/turn

%: reflection, acrobat, wizardry (x1)
@: very slightly contaminated, studying Long Blades, lightly drained
A: permanent stasis, dig shafts and tunnels, antennae 3, four strong arms, claws
1, frail 1, wild magic 1, no potion heal 1, inability to drink after injury 1
}: 4/15 runes: decaying, serpentine, slimy, silver
a: Dig, Shaft Self, Renounce Religion


You were on level 4 of the Realm of Zot.
You worshipped Vehumet.
Vehumet was exalted by your worship.
You visited 12 branches of the dungeon, and saw 56 of its levels.
You also visited: Trove, Ice Cave, Volcano and Wizlab.

You collected 9069 gold pieces.
You spent 951 gold pieces at shops.

Inventory:

Hand Weapons
 a - the +9 orcbow "Kawuam" {drain, rN+ Dex+3}
   (You took it off a death knight on level 3 of the Crypt)

   Dex+3:     It affects your dexterity (+3).
   rN+:       It protects you from negative energy.
 b - a +4 spectral demon whip (weapon)
 d - a +1 long sword of protection
 e - a +3 longbow of flaming
 h - the +6 executioner's axe of the Lair of Beasts {flame, Will++ rCorr Str-4, !f =f}
   (You found it on level 2 of the Realm of Zot)

   Str-4:     It affects your strength (-4).
   Will++:    It greatly increases your willpower.
   rCorr:     It protects you from acid and corrosion.
Missiles
 J - 6 javelins
 N - 3 throwing nets
 S - 17 curare-tipped darts (quivered)
Armour
 k - a +2 buckler of reflection (worn)
 l - the +0 faerie dragon scales (worn) {^Contam rF+ Will+ rCorr Int+4}
   (You took it off the Enchantress on level 3 of the Depths)

   Int+4:     It affects your intelligence (+4).
   rF+:       It protects you from fire.
   Will+:     It increases your willpower.
   ^Contam:   It causes magical contamination when unequipped.
   rCorr:     It protects you from acid and corrosion.
 s - a +2 cloak of fire resistance (worn)
 H - the +0 pair of gloves "Tinud" (worn) {rN+ Regen+ Str-4}
   (You found it on level 2 of the Swamp)

   Str-4:     It affects your strength (-4).
   rN+:       It protects you from negative energy.
   Regen+:    It increases your rate of health regeneration.
 W - the +0 pair of boots "Laukkas" (worn) {^Drain rElec rC+++ Int+4}
   (You found it on level 3 of the Elven Halls)

   Int+4:     It affects your intelligence (+4).
   rC+++:     It renders you almost immune to cold.
   rElec:     It insulates you from electricity.
   ^Drain:    It drains your maximum health when unequipped.
Jewellery
 m - a ring of flight
 n - the ring "Dyraq" (right hand) {Str-4 Int+7 Slay+4}
   (You found it on level 4 of the Vaults)

   [ring of slaying]

   Str-4:     It affects your strength (-4).
   Int+7:     It affects your intelligence (+7).
   Slay+4:    It affects your accuracy & damage with ranged weapons and melee
   (+4).
 q - a +4 ring of protection
 Q - a ring of wizardry (left hand)
 V - an amulet of the acrobat (around neck)
Wands
 f - a wand of digging (12)
 i - a wand of polymorph (37)
 x - a wand of acid (27)
 A - a wand of paralysis (47)
 I - a wand of roots (45)
 P - a wand of mindburst (20)
Scrolls
 c - a scroll of torment
 u - a scroll of revelation
 v - 2 scrolls of summoning
 y - 6 scrolls of fog
 z - a scroll of enchant weapon
 K - 5 scrolls of silence
 X - 7 scrolls of fear
 Y - 6 scrolls of poison
Potions
 g - 11 potions of curing
 j - 4 potions of might
 o - a potion of mutation
 p - 6 potions of invisibility
 r - a potion of magic
 w - 10 potions of resistance
 E - 9 potions of enlightenment
 F - 9 potions of cancellation
 G - 7 potions of brilliance
 L - 10 potions of lignification
 M - 2 potions of ambrosia
Miscellaneous
 t - a sack of spiders
 C - a phial of floods
 Z - a lightning rod (4/4)


   Skills:
 - Level 20.0 Fighting
 - Level 6.0 Long Blades
 - Level 7.7(8.0) Maces & Flails
 - Level 2.8(5.6) Staves
 - Level 10.3 Ranged Weapons
 - Level 13.0 Armour
 - Level 6.0 Dodging
 - Level 9.0 Stealth
 - Level 20.0 Shields
 - Level 20.0 Spellcasting
 - Level 20.0 Conjurations
 - Level 8.2 Necromancy
 - Level 2.7 Translocations
 - Level 20.0 Fire Magic
 * Level 18.7 Ice Magic
 - Level 7.0 Air Magic
 - Level 8.0 Earth Magic
 - Level 10.0 Alchemy


You had one spell level left.
You knew the following spells:

 Your Spells              Type           Power      Damage    Failure   Level
a - Stone Arrow           Conj/Erth      100%       3d13      1%          3
c - Iskenderun's Mystic   Conj/Tloc      100%       2d19      1%          4
e - Conjure Ball Lightni  Conj/Air       54%        3x3d20    1%          6
i - Ignite Poison         Fire/Alch      100%       N/A       1%          4
l - Freezing Cloud        Conj/Ice/Air   56%        6-21      1%          5
m - Fire Storm            Conj/Fire      62%        8d16      4%          9
n - Polar Vortex          Ice            61%        12d8*     8%          9
o - Orb of Destruction    Conj           62%        9d15      1%          7
p - Apportation           Tloc           100%       N/A       1%          1
u - Sublimation of Blood  Necr           89%        N/A       1%          2
A - Ozocubu's Armour      Ice            100%       N/A       1%          3
I - Ignition              Fire           62%        3d17      1%          8
T - Olgreb's Toxic Radia  Alch           96%        N/A       1%          4

Your spell library contained the following spells:

 Spells                   Type           Power      Damage    Failure   Level
 Foxfire                  Conj/Fire      100%       2x1d9     1%          1
 Freeze                   Ice            100%       1d10      1%          1
 Kiss of Death            Conj/Necr      100%       2d13      1%          1
 Magic Dart               Conj           100%       1d8       1%          1
 Necrotise                Necr           100%       1d9       1%          1
 Sandblast                Erth           100%       2d20      1%          1
 Shock                    Conj/Air       100%       1d9       1%          1
 Slow                     Hex            100%       N/A       1%          1
 Sting                    Conj/Alch      100%       1d9       1%          1
 Summon Small Mammal      Summ           100%       N/A       1%          1
 Cigotuvi's Dreadful Rot  Necr/Alch/Air  100%       N/A       1%          2
 Ensorcelled Hibernation  Hex/Ice        100%       N/A       1%          2
 Jinxbite                 Hex            92%        N/A       1%          2
 Mercury Vapours          Alch/Air       100%       N/A       1%          2
 Searing Ray              Conj           100%       2d8       1%          2
 Dazzling Flash           Conj/Hex       100%       N/A       1%          3
 Frozen Ramparts          Ice            100%       1d16      1%          3
 Fugue of the Fallen      Necr           89%        N/A       1%          3
 Hailstorm                Conj/Ice       100%       3d16      1%          3
 Inner Flame              Hex/Fire       96%        N/A       1%          3
 Mephitic Cloud           Conj/Alch/Air  100%       N/A       1%          3
 Passwall                 Erth           88%        N/A       1%          3
 Summon Ice Beast         Ice/Summ       94%        N/A       1%          3
 Vampiric Draining        Necr           89%        2d12      1%          3
 Volatile Blastmotes      Fire/Tloc      100%       2d18      1%          3
 Airstrike                Air            42%        2d(7-23)  1%          4
 Anguish                  Hex/Necr       35%        N/A       1%          4
 Animate Armour           Summ/Erth      100%       N/A       1%          4
 Brom's Barrelling Bould  Conj/Erth      100%       2d11      1%          4
 Dispel Undead            Necr           89%        3d28      1%          4
 Fulminant Prism          Conj/Alch      56%        3d24      1%          4
 Leda's Liquefaction      Alch/Erth      46%        N/A       1%          4
 Martyr's Knell           Necr/Summ      71%        N/A       1%          4
 Petrify                  Alch/Erth      92%        N/A       1%          4
 Alistair's Intoxication  Alch           64%        N/A       1%          5
 Arcjolt                  Conj/Air       54%        1d64      1%          5
 Borgnjor's Vile Clutch   Necr/Erth      44%        N/A       1%          5
 Curse of Agony           Necr           89%        N/A       1%          5
 Fireball                 Conj/Fire      62%        3d24      1%          5
 Irradiate                Conj/Alch      56%        3d30      1%          5
 Iskenderun's Battlesphe  Conj           100%       2d15      1%          5
 Lee's Rapid Deconstruct  Erth           44%        3d21*     1%          5
 Metabolic Englaciation   Hex/Ice        47%        N/A       1%          5
 Bombard                  Conj/Erth      54%        9d9       1%          6
 Plasma Beam              Fire/Air       54%        2x1d69    1%          6
 Sculpt Simulacrum        Ice/Alch       55%        N/A       1%          6
 Starburst                Conj/Fire      62%        6d16      1%          6
 Call Canine Familiar     Summ           46%        N/A       2%          3
 Confusing Touch          Hex            46%        N/A       2%          3
 Sigil of Binding         Hex            46%        N/A       2%          3
 Manifold Assault         Tloc           64%        N/A       2%          4
 Dimensional Bullseye     Hex/Tloc       28%        N/A       4%          4
 Death Channel            Necr           44%        N/A       4%          6
 Lehudib's Crystal Spear  Conj/Erth      54%        10d13     4%          8
 Cause Fear               Hex            23%        N/A       7%          4
 Dispersal                Tloc           32%        N/A       30%         6
 Maxwell's Capacitive Co  Air            42%        ∞         41%         8
 Chain Lightning          Conj/Air       54%        3d72      43%         9
 Summon Cactus Giant      Summ           23%        N/A       63%         6
 Haunt                    Necr/Summ      35%        N/A       63%         7
 Borgnjor's Revivificati  Necr           44%        N/A       75%         8
 Infestation              Necr           44%        N/A       75%         8
 Malign Gateway           Summ/Tloc      28%        N/A       93%         7
 Enfeeble                 Hex            23%        N/A       98%         7
 Discord                  Hex            23%        N/A       100%        8
 Disjunction              Tloc           32%        N/A       100%        8
 Summon Horrible Things   Summ           23%        N/A       100%        8
 Death's Door             Necr           44%        N/A       100%        9
 Dragon's Call            Summ           23%        N/A       100%        9
 Blink                    Tloc           Unusable   N/A       N/A         2
 Swiftness                Air            Unusable   N/A       N/A         3
 Vhi's Electric Charge    Tloc/Air       Unusable   N/A       N/A         4

Dungeon Overview and Level Annotations

Branches:
Dungeon (15/15)            Temple (0/1) D:7            Lair (5/5) D:9
  Swamp (4/4) Lair:2        Snake (4/4) Lair:3        Slime (5/5) Lair:5
    Orc (2/2) D:10            Elf (3/3) Orc:2        Vaults (5/5) D:14
  Crypt (3/3) Vaults:2       Tomb (1/3) Crypt:3      Depths (4/4) D:15
    Zot (5/5) Depths:4      IceCv (visited)         Volcano (visited)
 WizLab (visited)

Altars:
Cheibriados
Dithmenos
Hepliaklqana
Kikubaaqudgha
Qazlal
Trog
Vehumet
Xom
Yredelemnul
Zin
Jiyva
Lugonu

Shops:
D:1 =   D:7 (   D:12 (   Orc:2 ([*=(   Elf:2 (   Elf:3 (   Vaults:1 [
Vaults:2 *   Depths:1 (?

Portals:
Hell: Depths:1 Depths:2 Depths:3 Depths:4
Abyss: Lair:5 Depths:1 Depths:3 Depths:4
Pandemonium: Depths:2 Depths:3
Ziggurat: Depths:2

Annotations:
Zot:1 exclusion: downstairs
Zot:3 exclusion: downstairs


Innate Abilities, Weirdness & Mutations

You cannot be hasted, slowed, berserked, paralysed or teleported.
You can dig through walls and to a lower floor.
You have a pair of large antennae on your head. (SInv)
Your four strong arms can wield two-handed weapons with a shield.
You have sharp fingernails.
You are frail. (-10% HP)
Your spells are a little harder to cast, but a little more powerful.
Potions are less effective at restoring your health.
You occasionally lose the ability to drink potions when taking damage.


Message History

You feel better. The death cob hits you!
* * * LOW HITPOINT WARNING * * *
The green draconian monk breathes poison at you.
The blast of poison engulfs the death cob.
The death cob completely resists.
The death cob barely misses you.
You are engulfed in poison gas.
You are poisoned.
* * * LOW HITPOINT WARNING * * *
You feel very sick. You block the death cob's attack. The death cob hits you!!
* * * LOW HITPOINT WARNING * * *
Unknown command.
Unknown command.
Unknown command.
Unknown command.
Your system partially rejects the healing.
You feel better.
You are engulfed in poison gas.
You are poisoned.
* * * LOW HITPOINT WARNING * * *
You feel very sick. The death cob barely misses you. The death cob hits you!
* * * LOW HITPOINT WARNING * * *
The death cob drains your vigour!
Your stasis prevents you from being slowed.
Okay, then.
Unknown command.
Unknown command.
Unknown command.
Unknown command.
Unknown command.
Unknown command.
Press: ? - help, v - describe, . - travel
Here: a purple draconian shifter, wielding a +0 short sword and wearing a +1 cloak (lightly wounded, poisoned)
The floor, spattered with blood.
Unknown command.
Unknown command.
Unknown command.
Your system partially rejects the healing.
You feel better. You block the death cob's attack. The death cob hits you!!
You die...

..... ####.# .....
####.### )....
#......# .....
#.####.# #+# #.# #.#
#.# #.# #.# #.#
##.####.#### #.#
#...{.d....#
#.####..####)##.#
........# #.).q#
#.......# ####.#
######### #.# #°#
#○# #°### #{#q##
#☼☼#q## #○..#z##
#○####@#
#######†#####.#
#...☼☼.....# ##
#########☼°○☼......#
........zd.°{v.....#
#########..{...z...#
#.z.......)#
#..........#
#).........#
#..........#
#†)))......#
#....).....#
#..).......#
#...)......#
#..........#
######+#####


You could see a green draconian monk (catching breath), a purple draconian
shifter (poisoned) and a death cob.

Vanquished Creatures
  the Royal Jelly (Slime:5)
  Frederick (Crypt:2)
  A dread lich (Vaults:5)
  2 ancient liches (Depths:1)
  2 orbs of fire (Zot:1)
  Mennas (Crypt:1)
  Mara (Vaults:5)
  A juggernaut (Depths:4)
  Xtahua (Crypt:1)
  Sojobo (Vaults:5)
  A royal mummy (Tomb:1)
  A Killer Klown (Zot:2)
  Parghit (Depths:3)
  the Lernaean hydra (Swamp:4)
  Vashnia (Snake:4)
  2 curse toes
  Saint Roka (Vaults:2)
  The ghost of Ciogh the Victor of a Thousand Battles, a veteran GnWn of Okawaru (Depths:1)
  the Enchantress (Depths:3)
  2 profane servitors
  6 golden dragons
  Nikola (Elf:2)
  Jory (Vaults:3)
  Norris (Elf:2)
  3 bone dragons
  The ghost of Weuw the Warrior, an adept GrFi of Cheibriados (Crypt:1)
  4 electric golems
  21 tentacled monstrosities
  Jorgrun (Snake:2)
  5 liches
  4 titans (Vaults:5)
  Asterion (Elf:1)
  A walking divine tome (Depths:4)
  8 quicksilver dragons
  4 deep elf blademasters (Elf:2)
  4 deep elf master archers
  A tentacled starspawn (Depths:1)
  13 sphinxes
  22 acid blobs
  The ghost of Feshunla the Bewitcher, an adept KoEn of Dithmenos (Vaults:1)
  3 ancient champions
  9 death cobs
  Kirke (Elf:1)
  9 shadow dragons
  Aizul (Snake:1)
  5 tengu reavers
  9 fire giants
  Roxanne (Swamp:3)
  16 storm dragons
  2 draconian knights
  3 daevas (Depths:3)
  15 azure jellies
  2 draconian monks
  Donald (Crypt:2)
  A nagaraja (Snake:4)
  4 revenants
  8 protean progenitors
  21 rockslimes
  An iron dragon (Depths:2)
  9 deep elf sorcerers
  21 vault wardens
  3 draconian scorchers
  5 draconian shifters
  2 draconian stormcallers
  9 frost giants
  A balrug (Depths:3)
  4 curse skulls
  A juggernaut zombie (Depths:2)
  5 deep elf elementalists
  Louise (Snake:4)
  5 orc warlords
  A reaper (Depths:2)
  15 ironbound preservers
  A ghost moth (Zot:3)
  A formless jellyfish (Vaults:4)
  4 angels (Depths:3)
  16 ghouls
  2 juggernaut skeletons (Crypt:1)
  10 very ugly things
  13 quicksilver oozes
  19 stone giants
  6 spriggan defenders
  2 caustic shrike skeletons
  4 draconian annihilators
  9 ironbound thunderhulks
  9 green draconians
  9 vampire knights
  4 deep elf death magi
  4 purple draconians
  6 bunyips
  2 war gargoyles
  2 eleionomae
  7 black draconians
  13 deep elf annihilators
  Nessos (D:14)
  8 deep elf demonologists
  2 spark wasps (Depths:2)
  10 dire elephants (Vaults:4)
  6 yellow draconians
  8 red draconians
  8 white draconians
  8 eidola
  2 crystal guardians (Vaults:3)
  18 ettins
  8 mummy priests
  2 shambling mangroves
  4 fire dragons
  An entropy weaver (shapeshifter) (Lair:5)
  7 jiangshi
  Josephine (D:10)
  12 yaktaur captains
  6 deep elf high priests
  3 entropy weavers
  2 elf zombies
  5 ice dragons
  11 rakshasas
  2 quicksilver dragon zombies (Crypt:3)
  5 salamander tyrants (Snake:4)
  33 vault guards
  4 spriggan air magi
  3 spriggan zombies (Crypt:3)
  11 great orbs of eyes
  19 hydras
  5 peacekeepers
  A hell beast (Depths:3)
  A sphinx zombie (Depths:2)
  A caustic shrike simulacrum (IceCv)
  8 ghost crabs
  2 ogre magi
  A fenstrider witch zombie (Crypt:3)
  8 ironbound frosthearts
  8 boulder beetles
  11 anacondas
  5 death knights
  10 two-headed ogres
  7 alligators
  10 centaur warriors
  A fenstrider witch skeleton (Crypt:2)
  6 tengu warriors
  9 deep troll shamans
  6 death yaks
  29 dancing weapons
  A shock serpent (shapeshifter) (Vaults:5)
  9 naga warriors
  18 naga sharpshooters
  2 occultists (Depths:3)
  A hell knight (Vaults:5)
  2 vampire magi (Crypt:2)
  A bennu skeleton (Crypt:1)
  3 spriggan berserkers
  4 thrashing horrors (Lair:5)
  10 deep troll earth magi
  4 skysharks
  5 orc high priests
  A titan skeleton (Crypt:2)
  A soul eater (Crypt:2)
  12 shock serpents
  11 deep elf knights
  A shadow wraith (Crypt:1)
  Amaemon (Lair:1)
  Sonja (D:13)
  A wretched star (Depths:1)
  3 salamander mystics (Snake:4)
  24 skeletal warriors
  A spectral spark wasp (Depths:3)
  A sixfirhy (Depths:2)
  A storm dragon skeleton (Crypt:1)
  2 storm dragon zombies
  An anaconda zombie (Crypt:2)
  2 bunyip zombies (Crypt:2)
  4 glowing orange brains
  6 goliath frogs
  6 cherubim (Depths:3)
  41 deep trolls
  8 iron trolls
  A quicksilver dragon simulacrum (Crypt:2)
  6 flayed ghosts
  2 orange crystal statues (IceCv)
  2 sea snakes (Snake:1)
  16 naga ritualists
  An orb spider (shapeshifter) (D:15)
  10 arcanists
  15 swamp dragons
  12 orc knights
  2 bog bodies
  19 ironbound convokers
  9 deep elf archers
  19 phantasmal warriors
  6 spriggan druids
  17 deep elf zephyrmancers
  A steelbarb worm (shapeshifter) (Depths:3)
  9 lindwurms
  27 mana vipers
  14 harpies
  8 necromancers
  20 deep elf pyromancers
  An iron dragon zombie (Crypt:3)
  2 wolf spiders
  9 salamanders
  A shadow dragon skeleton (Vaults:5)
  6 orc sorcerers
  4 shining eyes
  21 ugly things
  6 will-o-the-wisps
  A stone giant zombie (Crypt:3)
  A draconian skeleton (Crypt:2)
  A moth of wrath (shapeshifter) (Depths:1)
  28 moths of wrath
  5 cyclopes
  A meliai (shapeshifter) (D:15)
  A water nymph (shapeshifter) (Vaults:5)
  2 kobold blastminers
  5 eyes of devastation
  A guardian serpent (Snake:4)
  57 black mambas
  Joseph (Lair:1)
  A naga zombie (Crypt:3)
  14 naga magi
  An alligator snapping turtle zombie (Crypt:3)
  A fire giant skeleton (Crypt:2)
  2 smoke demons (Lair:5)
  A centaur skeleton (Crypt:2)
  A large abomination (Lair:5)
  29 vault sentinels
  A titan simulacrum (Crypt:2)
  A kobold demonologist (D:12)
  An orange demon (Lair:1)
  Maggie (D:8)
  A komodo dragon (shapeshifter) (Vaults:5)
  10 cane toads
  3 rime drakes
  19 freezing wraiths
  15 komodo dragons
  An unseen horror (D:12)
  An efreet (D:15)
  31 yaktaurs
  2 anaconda simulacra (IceCv)
  A tormentor (Depths:2)
  5 golden dragon simulacra (IceCv)
  A hydra zombie (Crypt:2)
  8 guardian mummies
  4 tengu conjurers
  7 trolls
  A yaktaur skeleton (Vaults:2)
  A silent spectre (Vaults:4)
  3 bloated husks
  6 polar bears
  4 wind drakes (Zot:4)
  8 tyrant leeches
  20 hornets
  Grinder (D:6)
  4 glass eyes
  3 harpy zombies (Crypt:3)
  A human simulacrum (Vaults:2)
  Prince Ribbit (Lair:3)
  An alligator simulacrum (IceCv)
  26 blink frogs
  A boulder beetle zombie (Crypt:2)
  A satyr zombie (Crypt:1)
  A frost giant simulacrum (Depths:2)
  A raiju (Lair:5)
  123 slime creatures
  12 dream sheep
  A stone giant simulacrum (Crypt:2)
  2 snapping turtles (shapeshifter)
  A fire dragon skeleton (Crypt:1)
  A centaur simulacrum (Crypt:2)
  2 ynoxinuls (Lair:5)
  A dire elephant simulacrum (Tomb:1)
  19 spriggans
  4 jumping spiders (Crypt:3)
  3 shadows
  23 wyverns
  3 vampires
  4 water elementals
  7 air elementals
  A human (shapeshifter) (D:13)
  12 wraiths
  12 small abominations (Lair:5)
  3 ushabtiu
  A tarantella (shapeshifter) (Depths:4)
  3 fire elementals
  27 yaks
  3 hogs (Elf:1)
  2 fire bats (Volcano)
  A golden eye (shapeshifter) (Lair:5)
  8 redbacks
  A spectral komodo dragon (Lair:2)
  7 wargs
  4 humans
  7 basilisks
  A chaos spawn (Lair:5)
  A yaktaur simulacrum (Vaults:1)
  7 golden eyes
  4 steam dragons
  8 vampire mosquitoes
  2 harpy simulacra (IceCv)
  17 swamp worms
  A hydra simulacrum (IceCv)
  12 water moccasins
  30 nagas
  2 acid dragons
  A glowing shapeshifter skeleton (Depths:2)
  31 orc warriors
  2 spectral yaks (Lair:2)
  9 swamp drakes
  9 black bears
  An ettin simulacrum (IceCv)
  3 sky beasts
  8 laughing skulls (Crypt:1)
  A swamp dragon zombie (WizLab)
  A manticore zombie (Crypt:1)
  6 ogres
  A tengu (shapeshifter) (Depths:2)
  7 boggarts
  A snapping turtle skeleton (Crypt:1)
  7 wolves
  4 centaurs
  A wolf (shapeshifter) (D:14)
  3 human zombies
  2 kobold brigands (D:12)
  A gnoll sergeant (D:9)
  15 bullfrogs
  20 necrophages
  2 earth elementals (Elf:3)
  6 wyvern skeletons (Crypt:3)
  3 lindwurm simulacra (IceCv)
  14 killer bees
  6 electric eels
  A troll skeleton (D:14)
  7 howler monkeys
  6 spriggan skeletons (D:14)
  A bombardier beetle (D:5)
  A jelly (D:5)
  2 quasits (D:5)
  3 cyclops simulacra (WizLab)
  24 orc priests
  Crazy Yiuf (D:7)
  4 hounds
  Ijyb (D:5)
  A sleepcap (D:5)
  An iguana (D:6)
  24 orc wizards
  An ice beast zombie (Crypt:2)
  A tengu skeleton (Crypt:2)
  14 mummies
  7 gnolls
  9 adders
  A ribbon worm (D:3)
  8 shadow imps (D:6)
  9 white imps
  10 ufetubi
  90 orcs
  3 endoplasms (D:1)
  2 giant cockroaches
  12 goblins
  6 hobgoblins
  3 quokkas
  6 ball pythons
  6 bats
  A dart slug zombie (Crypt:2)
  2 frilled lizards
  10 kobolds
  A kobold skeleton (Crypt:1)
  3 rats (D:1)
  6 aspiring fleshes
  A fire vortex (Zot:3)
  A spectral weapon (Crypt:1)
2447 creatures vanquished.

Vanquished Creatures (collateral kills)
  A golden dragon (Zot:1)
  2 tentacled monstrosities (Vaults:5)
  An acid blob (Slime:1)
  2 shadow dragons (Zot:2)
  2 azure jellies (Slime:5)
  A fire giant (Vaults:5)
  A ghoul (Crypt:3)
  A very ugly thing (Depths:1)
  2 green draconians (Zot:5)
  A yellow draconian (Zot:4)
  A war gargoyle (Vaults:5)
  A black draconian (Zot:5)
  A purple draconian (Zot:1)
  3 eidola (Crypt:3)
  A mummy priest (Tomb:1)
  A fire dragon (Volcano)
  An anaconda (Zot:1)
  A spriggan skeleton (Crypt:2)
  2 death knights (Crypt:3)
  2 flayed ghosts
  A storm dragon skeleton (Crypt:2)
  A goliath frog (Zot:1)
  An orc knight (Vaults:5)
  An ugly thing (Zot:2)
  A vault sentinel (Vaults:5)
  A human zombie (Vaults:5)
  A harpy skeleton (Crypt:2)
  6 slime creatures
  An ushabti (Tomb:1)
  A cane toad skeleton (Crypt:2)
  An orc priest (Vaults:5)
  An aspiring flesh (Zot:1)
45 creatures vanquished.

Vanquished Creatures (others)
  A human (Elf:1)
  An electric eel (Lair:5)
  18 ball lightnings
  410 fire vortices
  24 foxfires
  28 spectral weapons
482 creatures vanquished.

Grand Total: 2974 creatures vanquished

Notes
Turn   | Place    | Note
-------+----------+-------------------------------------------
     0 | D:5      | petzl the Formicid Delver began the quest for the Orb.
     0 | D:5      | Reached XP level 1. HP: 18/18 MP: 1/1
    57 | D:4      | Identified the +1 ring mail of the Jackalope {Rampage
                  | Int+3}
   104 | D:4      | Noticed a black bear
   373 | D:2      | Reached XP level 2. HP: 22/22 MP: 2/2
   382 | D:2      | Reached skill level 1 in Ranged Weapons
   382 | D:2      | Reached skill level 1 in Spellcasting
   517 | D:2      | Found a radiant altar of Vehumet.
   549 | D:2      | Identified the +0 ring mail "Soaneist" {rPois rF+ rN+}
   589 | D:1      | Reached XP level 3. HP: 30/30 MP: 4/4
  1414 | D:1      | Found Kearomag's Jewellery Emporium.
  1420 | D:1      | Reached XP level 4. HP: 37/37 MP: 6/6
  1900 | D:2      | Became a worshipper of Vehumet
  2134 | D:3      | Identified the +6 flail of the Butterfly {freeze, rElec rF-
                  | Will+ Dex+2}
  2257 | D:3      | Found a faded altar of an unknown god.
  2346 | D:3      | Reached skill level 1 in Shields
  2720 | D:4      | Reached XP level 5. HP: 38/42 MP: 4/7
  2725 | D:4      | You fall into a shaft and drop 1 floor!
  2815 | D:5      | Killed a black bear
  2816 | D:5      | Reached skill level 1 in Armour
  2855 | D:4      | Reached XP level 6. HP: 35/48 MP: 6/9
  2961 | D:4      | Identified the +4 ring mail "Huitiap" {rPois Dex+6}
  3597 | D:5      | Reached * piety under Vehumet
  3597 | D:5      | Offered knowledge of Sting by Vehumet.
  3598 | D:5      | Reached XP level 7. HP: 55/55 MP: 10/10
  3604 | D:5      | Learned a level 1 spell: Sting
  3784 | D:5      | Noticed Ijyb
  4214 | D:6      | Learned a level 3 spell: Stone Arrow
  4364 | D:6      | Reached skill level 1 in Earth Magic
  4386 | D:6      | Reached skill level 1 in Conjurations
  4386 | D:6      | Reached XP level 8. HP: 29/61 MP: 9/12
  4704 | D:6      | Reached skill level 5 in Fighting
  4772 | D:6      | Noticed Grinder
  4972 | D:7      | Reached skill level 5 in Shields
  4976 | D:7      | Reached ** piety under Vehumet
  4982 | D:7      | Found a staircase to the Ecumenical Temple.
  5003 | D:7      | Offered knowledge of Searing Ray by Vehumet.
  5166 | D:7      | Reached XP level 9. HP: 68/68 MP: 13/13
  5181 | D:7      | Found Fennas's Weapon Shoppe.
  5868 | D:7      | Found a runed translucent door.
  5869 | D:7      | Noticed Crazy Yiuf
  6211 | D:8      | Reached skill level 5 in Ranged Weapons
  6242 | D:8      | Noticed Maggie
  6256 | D:8      | Killed Maggie
  6698 | D:8      | Reached XP level 10. HP: 67/76 MP: 12/15
  6777 | D:8      | Reached skill level 5 in Earth Magic
  7388 | D:10     | Entered Level 10 of the Dungeon
  7496 | D:10     | Found a flagged portal.
  7513 | D:10     | You fall into a shaft and drop 1 floor!
  7556 | D:11     | Noticed a boulder beetle
  7831 | D:10     | Noticed Josephine
  7846 | D:10     | Offered knowledge of Hailstorm by Vehumet.
  7874 | D:10     | You fall into a shaft and drop 3 floors!
  8062 | D:13     | Gained mutation: You are dopey. (Int -2) [potion of
                  | mutation]
  8062 | D:13     | Gained mutation: You are agile. (Dex +4, Str/Int -1)
                  | [potion of mutation]
  8062 | D:13     | Gained mutation: You passively dampen the noise of your
                  | surroundings. [potion of mutation]
  8062 | D:13     | Gained mutation: You have hidden genetic potential. [potion
                  | of mutation]
  8145 | D:13     | Noticed a centaur warrior
  8160 | D:13     | Noticed a cyclops
  8202 | D:13     | Killed a centaur warrior
  8203 | D:13     | Reached XP level 11. HP: 41/84 MP: 7/18
  8238 | D:13     | Reached skill level 5 in Conjurations
  8315 | D:13     | Noticed a boulder beetle
  8566 | D:10     | Noticed a two-headed ogre
  8672 | D:9      | Noticed a cyclops
  8895 | D:9      | Killed a cyclops
  8936 | D:9      | Found a staircase to the Lair.
  9251 | D:9      | Reached skill level 5 in Armour
  9462 | D:9      | Found a stormy altar of Qazlal.
  9462 | D:9      | Found a hazy altar of Hepliaklqana.
  9470 | D:9      | Found a shadowy altar of Dithmenos.
  9472 | D:9      | Found a snail-covered altar of Cheibriados.
  9474 | D:9      | Found a glowing silver altar of Zin.
  9692 | D:5      | Killed Ijyb
 10174 | D:6      | Killed Grinder
 10409 | D:7      | Killed Crazy Yiuf
 10625 | D:10     | Killed a two-headed ogre
 10626 | D:10     | Reached skill level 5 in Spellcasting
 10764 | D:10     | Gained mutation: You are strong-willed. (Will+) [hidden
                  | potential]
 11351 | D:10     | Reached *** piety under Vehumet
 11472 | D:10     | Found a staircase to the Orcish Mines.
 11661 | D:11     | Killed a boulder beetle
 11753 | D:11     | Reached skill level 5 in Dodging
 11968 | D:11     | Noticed a two-headed ogre
 11974 | D:11     | Killed a two-headed ogre
 12350 | D:12     | Noticed a deep elf pyromancer
 12388 | D:12     | Noticed a boulder beetle
 12412 | D:12     | Killed a boulder beetle
 12412 | D:12     | Offered knowledge of Mephitic Cloud by Vehumet.
 12413 | D:12     | Reached XP level 12. HP: 80/94 MP: 12/20
 12417 | D:12     | Learned a level 3 spell: Mephitic Cloud
 12678 | D:12     | Found a portal to a secret trove of treasure.
 12754 | D:12     | Noticed a boulder beetle
 12768 | D:12     | Killed a boulder beetle
 12769 | D:12     | Reached skill level 1 in Alchemy
 12836 | D:12     | Reached skill level 1 in Air Magic
 12880 | D:12     | Found Paliag's Antique Weapon Boutique.
 13039 | D:12     | Gained mutation: Your system is resistant to poisons.
                  | (rPois) [hidden potential]
 13039 | D:12     | Lost mutation: You have hidden genetic potential. [hidden
                  | potential expressed]
 14340 | D:14     | Noticed a four-headed hydra
 14453 | Orc:1    | Entered Level 1 of the Orcish Mines
 14459 | Orc:2    | Entered Level 2 of the Orcish Mines
 14618 | Orc:1    | Reached **** piety under Vehumet
 14958 | Orc:1    | Offered knowledge of Airstrike by Vehumet.
 15078 | Orc:1    | Noticed an orc warlord
 15195 | D:10     | Killed an orc warlord
 15376 | Orc:1    | Reached skill level 5 in Alchemy
 15376 | Orc:1    | Reached XP level 13. HP: 89/103 MP: 18/22
 15817 | Orc:2    | Noticed an orc warlord
 15861 | Orc:2    | Killed an orc warlord
 15862 | Orc:2    | Reached skill level 10 in Fighting
 16147 | Orc:2    | Found Dotil's Antique Weapon Boutique.
 16220 | Orc:2    | Found a staircase to the Elven Halls.
 16662 | Orc:2    | Learned a level 1 spell: Foxfire
 16677 | Orc:2    | Noticed an orc warlord
 16716 | Orc:2    | Killed an orc warlord
 16717 | Orc:2    | Reached skill level 1 in Fire Magic
 16822 | Orc:2    | Reached ***** piety under Vehumet
 17207 | Orc:2    | Offered knowledge of Arcjolt by Vehumet.
 18106 | Orc:2    | Found Zeemuw's Antique Armour Boutique.
 18107 | Orc:2    | Found Oriwnuawn's Antique Weapon Shop.
 18110 | Orc:2    | Found Buihezar's General Store.
 18110 | Orc:2    | Found Fazablah's Jewellery Boutique.
 18221 | Orc:2    | Bought a potion of brilliance for 68 gold pieces
 18221 | Orc:2    | Bought a scroll of enchant armour for 127 gold pieces
 18461 | Lair:1   | Entered Level 1 of the Lair of Beasts
 18572 | Lair:1   | Noticed Joseph
 18587 | Lair:1   | Killed Joseph
 18619 | Lair:1   | Learned a level 6 spell: Plasma Beam
 18702 | Lair:1   | Noticed Amaemon
 18928 | Lair:2   | Reached XP level 14. HP: 88/110 MP: 15/25
 18978 | Lair:2   | Reached skill level 5 in Air Magic
 19004 | Lair:2   | Found a dark tunnel.
 19092 | Lair:2   | Learned a level 2 spell: Sublimation of Blood
 19094 | Lair:2   | Learned a level 1 spell: Apportation
 19095 | Volcano  | Entered a volcano
 19352 | Volcano  | Reached skill level 1 in Necromancy
 19365 | Volcano  | Reached skill level 1 in Translocations
 19853 | Lair:2   | Learned a level 3 spell: Ozocubu's Armour
 20857 | Lair:2   | Reached skill level 5 in Fire Magic
 20881 | Lair:2   | Found a staircase to the Swamp.
 21334 | Lair:1   | Offered knowledge of Yara's Violent Unravelling by Vehumet.
 21447 | Lair:1   | Reached skill level 1 in Ice Magic
 21551 | Lair:1   | Killed Amaemon
 21560 | Lair:1   | Reached skill level 10 in Shields
 21860 | Lair:2   | You fall into a shaft and drop 2 floors!
 22174 | Lair:5   | Entered Level 5 of the Lair of Beasts
 23120 | Swamp:1  | Entered Level 1 of the Swamp
 23127 | Swamp:1  | Reached XP level 15. HP: 78/106 MP: 22/27
 23716 | Lair:3   | Noticed Prince Ribbit
 23724 | Lair:3   | Killed Prince Ribbit
 23871 | Lair:3   | Found a staircase to the Snake Pit.
 25590 | Lair:5   | Offered knowledge of Orb of Destruction by Vehumet.
 25599 | Lair:5   | Learned a level 7 spell: Orb of Destruction
 26878 | Lair:5   | Found a staircase to the Slime Pits.
 26878 | Lair:5   | Found a viscous altar of Jiyva.
 26996 | Lair:5   | Found a shimmering altar of Xom.
 27543 | Lair:5   | Identified the +1 robe "Rexuxz Kinu" {rN++ Int-2}
 28246 | Lair:5   | Reached XP level 16. HP: 125/125 MP: 29/29
 28354 | Lair:5   | Reached skill level 10 in Conjurations
 28661 | Lair:5   | Found a corrupted altar of Lugonu.
 28661 | Lair:5   | Found a one-way gate to the infinite horrors of the Abyss.
 28869 | Snake:1  | Entered Level 1 of the Snake Pit
 29017 | Lair:3   | You fall into a shaft and drop 2 floors!
 29523 | Lair:3   | You fall into a shaft and drop 2 floors!
 29881 | Lair:3   | Reached skill level 10 in Spellcasting
 30235 | Snake:1  | Identified the serpent talisman "Upekh" {MP-9 Int+6}
 30235 | Snake:1  | Noticed Aizul
 30248 | Snake:1  | Killed Aizul
 30955 | Snake:3  | Offered knowledge of Conjure Ball Lightning by Vehumet.
 30963 | Snake:3  | Learned a level 6 spell: Conjure Ball Lightning
 31828 | Snake:2  | Noticed Jorgrun
 32647 | Snake:2  | Killed Jorgrun
 33200 | Snake:2  | Reached skill level 10 in Armour
 33819 | Snake:2  | Reached XP level 17. HP: 109/131 MP: 26/32
 34508 | D:10     | Killed Josephine
 34681 | D:13     | Noticed Sonja
 34692 | D:13     | Killed Sonja
 35370 | D:14     | Noticed Nessos
 35376 | D:14     | Killed Nessos
 36205 | D:15     | Entered Level 15 of the Dungeon
 37100 | D:14     | Found a gate to the Vaults.
 37109 | D:14     | Offered knowledge of Freezing Cloud by Vehumet.
 37116 | D:14     | Learned a level 5 spell: Freezing Cloud
 39617 | D:15     | Found a staircase to the Depths.
 40130 | D:1      | Bought a ring of flight for 175 gold pieces
 41093 | Swamp:1  | Offered knowledge of Fireball by Vehumet.
 41242 | D:10     | Learned a level 5 spell: Fireball
 41626 | Snake:3  | Reached XP level 18. HP: 127/138 MP: 27/33
 41971 | Snake:4  | Entered Level 4 of the Snake Pit
 42422 | Snake:4  | Noticed Louise
 42432 | Snake:4  | Killed Louise
 42999 | Snake:3  | Reached skill level 5 in Ice Magic
 43315 | Snake:3  | Reached skill level 5 in Necromancy
 44142 | Snake:3  | Offered knowledge of Maxwell's Capacitive Coupling by
                  | Vehumet.
 44909 | Snake:4  | Noticed Vashnia
 44961 | Snake:4  | Killed Vashnia
 45216 | Snake:4  | Reached XP level 19. HP: 146/146 MP: 27/35
 46218 | Snake:4  | Got a serpentine rune of Zot
 47885 | Swamp:4  | Entered Level 4 of the Swamp
 48390 | Swamp:3  | Noticed Roxanne
 48500 | Swamp:3  | Killed Roxanne
 50230 | Swamp:2  | Identified the +0 pair of gloves "Tinud" {rN+ Regen+ Str-4}
 50233 | Swamp:2  | Noticed a tentacled monstrosity
 50251 | Swamp:2  | Killed a tentacled monstrosity
 51641 | Swamp:4  | Noticed the 27-headed Lernaean hydra
 51735 | Swamp:4  | Reached ****** piety under Vehumet
 51945 | Swamp:4  | Noticed a tentacled monstrosity
 52134 | Swamp:4  | Killed a tentacled monstrosity
 52135 | Swamp:4  | Reached XP level 20. HP: 155/155 MP: 17/37
 52249 | Swamp:4  | Killed the 27-headed Lernaean hydra
 53092 | Swamp:4  | Got a decaying rune of Zot
 53562 | Elf:1    | Entered Level 1 of the Elven Halls
 53562 | Elf:1    | Noticed Asterion
 53567 | Elf:1    | Killed Asterion
 54156 | Elf:1    | Noticed Kirke
 54167 | Elf:1    | Killed Kirke
 54463 | Elf:2    | Found a magical portal.
 54476 | WizLab   | Entered Zonguldrok's Shrine
 55877 | Elf:2    | Found Oplu's Antique Weapon Emporium.
 56284 | Elf:3    | Entered Level 3 of the Elven Halls
 56304 | Elf:3    | Found Hunlyovu's Weapon Shop.
 56373 | Elf:3    | Offered knowledge of Fire Storm by Vehumet.
 56373 | Elf:3    | Offered knowledge of Chain Lightning by Vehumet.
 56373 | Elf:3    | Offered knowledge of Polar Vortex by Vehumet.
 56405 | Elf:3    | Found a frozen archway.
 56460 | IceCv    | Entered an ice cave
 57502 | IceCv    | Got the Directory of Convocation and the Panacea
 57521 | IceCv    | Learned a level 4 spell: Olgreb's Toxic Radiance
 57526 | IceCv    | Learned a level 4 spell: Ignite Poison
 58156 | Elf:2    | Found a runed translucent gate.
 58156 | Elf:2    | Found a runed translucent gate.
 58190 | Elf:2    | Noticed Norris
 59287 | Elf:2    | Killed Norris
 59288 | Elf:2    | Reached skill level 5 in Maces & Flails
 59288 | Elf:2    | Reached XP level 21. HP: 163/163 MP: 7/38
 59402 | Elf:2    | Found a runed translucent gate.
 59696 | Elf:2    | Reached skill level 10 in Fire Magic
 60295 | Elf:3    | Reached skill level 10 in Ranged Weapons
 60939 | Elf:3    | Reached skill level 15 in Shields
 61214 | Elf:3    | Identified the +5 quarterstaff of Iggaynor {drain, ^Fragile
                  | rElec rN+ Str+3}
 61227 | Elf:3    | Identified the ring "Bucip" {Will+ MP+9}
 61361 | Elf:3    | Reached skill level 1 in Staves
 61716 | Elf:3    | Identified the +0 pair of boots "Laukkas" {^Drain rElec
                  | rC+++ Int+4}
 62141 | Elf:2    | Noticed Nikola
 62154 | Elf:2    | Killed Nikola
 62168 | Elf:2    | You fall into a shaft and drop 1 floor!
 63314 | Elf:2    | You fall into a shaft and drop 1 floor!
 64122 | Vaults:1 | Entered Level 1 of the Vaults
 65056 | Vaults:1 | Found Ocravutz's Armour Emporium.
 65393 | Vaults:1 | Found a runed translucent door.
 65518 | Vaults:1 | Reached XP level 22. HP: 172/172 MP: 40/40
 65580 | Vaults:1 | Found a runed translucent gate.
 65580 | Vaults:1 | Found a runed translucent gate.
 65581 | Vaults:1 | Found a runed translucent gate.
 65581 | Vaults:1 | Noticed Feshunla's ghost (adept KoEn)
 65670 | Vaults:1 | Identified the +11 dagger "Dunoj" {flame, *Noise Fly rN+
                  | Will+}
 66133 | Vaults:2 | Found a staircase to the Crypt.
 66133 | Vaults:2 | Found a basalt altar of Yredelemnul.
 66133 | Vaults:2 | Found an ancient bone altar of Kikubaaqudgha.
 66137 | Vaults:2 | Reached skill level 15 in Conjurations
 66148 | Crypt:1  | Entered Level 1 of the Crypt
 66177 | Crypt:1  | Identified the +0 pair of gloves of Weightlessness {Str+2}
 66305 | Vaults:2 | Found Ustim's General Store.
 66313 | Vaults:2 | Bought a potion of mutation for 80 gold pieces
 66606 | Vaults:2 | Noticed Saint Roka
 66622 | Vaults:2 | Killed Saint Roka
 67048 | Vaults:2 | Reached skill level 10 in Alchemy
 68855 | Vaults:4 | Noticed Jory
 69044 | Vaults:3 | Reached XP level 23. HP: 153/180 MP: 41/41
 69404 | Vaults:3 | Reached skill level 15 in Fighting
 70515 | Vaults:4 | Reached skill level 15 in Spellcasting
 70691 | Vaults:3 | Killed Jory
 71384 | Vaults:4 | Found a transporter.
 72386 | Vaults:1 | You fall into a shaft and drop 1 floor!
 72635 | Vaults:1 | Killed Feshunla's ghost
 73026 | Crypt:1  | Got the Discursus on the Necrotic Tesseract
 73355 | Crypt:3  | Entered Level 3 of the Crypt
 73390 | Crypt:2  | Reached XP level 24. HP: 188/188 MP: 33/42
 73668 | Crypt:1  | Noticed Mennas
 73784 | Crypt:1  | Killed Mennas
 74177 | Crypt:2  | Identified the orb of Qatist {light, Harm Int-2 Dex+4 Tloc}
 74177 | Crypt:2  | Noticed Frederick
 74184 | Crypt:2  | Killed Frederick
 74197 | Crypt:1  | Reached skill level 15 in Fire Magic
 75412 | Depths:1 | Entered Level 1 of the Depths
 75430 | Depths:1 | Found a gateway to Hell.
 75607 | Depths:1 | Identified the +1 battleaxe "Govoyd" {antimagic, Dex+5}
 75960 | Depths:1 | Found a transporter.
 76994 | Depths:4 | Entered Level 4 of the Depths
 77851 | Depths:2 | Found a one-way gate leading to the halls of Pandemonium.
 77954 | Depths:2 | Found a one-way gateway to a ziggurat.
 78823 | Depths:1 | Found a transporter.
 78962 | Depths:1 | Found Cedis's Magic Scroll Shop.
 78964 | Depths:1 | Found Toobilaz's Weapon Emporium.
 78982 | Depths:1 | Bought a scroll of torment for 161 gold pieces
 78982 | Depths:1 | Bought a scroll of immolation for 68 gold pieces
 78982 | Depths:1 | Bought a scroll of amnesia for 68 gold pieces
 78982 | Depths:1 | Bought a scroll of amnesia for 68 gold pieces
 78982 | Depths:1 | Bought a scroll of fog for 68 gold pieces
 78982 | Depths:1 | Bought a scroll of amnesia for 68 gold pieces
 79066 | Depths:1 | Noticed an ancient lich
 79068 | Depths:1 | Noticed an ancient lich
 79079 | Depths:1 | Identified a scroll of acquirement
 79126 | Depths:1 | Noticed Ciogh's ghost (veteran GnWn)
 79781 | Depths:3 | Noticed Parghit
 79866 | Depths:2 | Got Sif Muna's Vellum of Hermetica and Summoning
 79907 | Depths:2 | Identified the +1 war axe of the Wasp {heavy, Will+}
 80663 | Depths:3 | Killed Parghit
 80664 | Depths:3 | Reached XP level 25. HP: 169/194 MP: 28/43
 81742 | D:12     | You paid a toll of +5 fire dragon scales to enter a
                  | treasure trove
 81743 | Trove    | Entered a treasure trove
 81745 | Trove    | Identified the +3 kite shield "Tauwkuor" {Harm rC+ Int-5
                  | Dex+3}
 81747 | Trove    | Identified the amulet "Orir Zyrph" {Reflect Rampage rElec
                  | rN+ SH+5}
 81749 | Trove    | Identified the amulet "Umeril" {Faith Str+3 SInv}
 81752 | Trove    | Identified the amulet "Waafor" {rC+ Regen+ Stlth+}
 81757 | Trove    | Identified the +0 hat of Pora {Dex+3}
 81769 | Trove    | Identified the ring of Zoavu {rElec rF+ rN+ MP-9}
 81794 | Trove    | Identified the ring "Nubumoig" {Int+3 Dex+2 SInv}
 81809 | Trove    | Identified the ring of the Quick God {Will+ MP+9 Str+5}
 81822 | Trove    | Identified the ring "Ximin" {^Contam rC+++ Str+6 Dex+2
                  | SInv}
 82682 | Depths:3 | Found a glowing silver altar of Zin.
 83163 | Depths:3 | Noticed the Enchantress
 83175 | Depths:3 | Killed the Enchantress
 83218 | Depths:3 | Learned a level 9 spell: Fire Storm
 84174 | Depths:4 | Noticed a juggernaut
 84188 | Depths:4 | Killed a juggernaut
 85258 | Depths:4 | Found a gate to the Realm of Zot.
 86378 | D:10     | Learned a level 8 spell: Ignition
 86564 | Slime:1  | Entered Level 1 of the Pits of Slime
 88149 | Slime:3  | Reached XP level 26. HP: 178/201 MP: 44/44
 89787 | Slime:5  | Entered Level 5 of the Pits of Slime
 90601 | Slime:5  | Found a viscous altar of Jiyva.
 90740 | Slime:5  | Noticed the Royal Jelly
 92023 | Slime:5  | Killed the Royal Jelly
 92343 | Slime:5  | Identified the ring of Joy {rElec rC+ Will+ Str-2 Stlth+}
 92386 | Slime:5  | Identified the +9 storm dragon scales of Rotation {rElec
                  | rF+ Will+}
 92413 | Slime:5  | Identified the dragon-blood talisman of Xeicvut {*Corrode
                  | Will+++ Str+4 Slay-4}
 92418 | Slime:5  | Got a slimy rune of Zot
 92419 | Slime:5  | Identified the staff of Lugonu's Delight {rN+ Conj Summ}
 92453 | Slime:5  | Identified the staff "Fisebbiz" {rF+ Int+3 Fire}
 92551 | Slime:3  | Gained mutation: You occasionally lose the ability to read
                  | scrolls when taking damage. [mutagenic glow]
 93409 | Crypt:1  | Noticed Xtahua
 93721 | Crypt:1  | Found a large runed translucent door.
 93721 | Crypt:1  | Found a large runed translucent door.
 94766 | Crypt:2  | Noticed Donald
 94780 | Crypt:2  | Killed Donald
 95303 | Crypt:2  | Got Zac Just's Octavo of Traumaturgy
 95309 | Crypt:2  | Learned a level 4 spell: Iskenderun's Mystic Blast
 96159 | Crypt:3  | Got the Folio of the Hecatoncheires
 96427 | Crypt:3  | Reached XP level 27. HP: 198/207 MP: 45/45
 97053 | Crypt:3  | Found a staircase to the Tomb.
 97869 | Crypt:3  | Found a basalt altar of Yredelemnul.
 98154 | Crypt:3  | Gained mutation: You have hidden genetic defects.
                  | [mutagenic glow]
 98297 | Crypt:3  | Identified the +9 orcbow "Kawuam" {drain, rN+ Dex+3}
 98302 | Crypt:3  | Gained mutation: You are weak. (Str -2) [mutagenic glow]
 98678 | Crypt:3  | Identified the amulet of Noephael {Regen+ Dex+3}
 98679 | Crypt:3  | Identified the ring "Ycwafoe" {rN+ rCorr}
 98768 | Crypt:3  | Identified the ring "Zebouxt" {rN+ Int+4 Slay-4}
 98885 | Crypt:3  | Identified the +7 flail of the Filigreed God {freeze, Fly
                  | Stlth+}
 98944 | Tomb:1   | Entered Level 1 of the Tomb of the Ancients
 99432 | Tomb:1   | Noticed a royal mummy
 99434 | Tomb:1   | Gained mutation: Your body sometimes deteriorates upon
                  | taking damage. [hidden defects]
 99435 | Tomb:1   | Killed a royal mummy
100543 | Tomb:1   | Identified the +5 trident of the Impish God {flame, rF++
                  | Str-3 Int+5}
101171 | Crypt:1  | Noticed Weuw's ghost (adept GrFi)
101190 | Crypt:1  | You fall into a shaft and drop 1 floor!
101424 | Crypt:1  | Killed Weuw's ghost
101462 | Crypt:1  | Identified the +4 great sword of Nice Purpose {drain,
                  | Int+4}
101524 | Crypt:1  | Killed Xtahua
102266 | Vaults:5 | Entered Level 5 of the Vaults
102266 | Vaults:5 | Found the +3 greatsling "Punk" {acid, rCorr}
102284 | Vaults:5 | Gained mutation: You occasionally lose the ability to drink
                  | potions when taking damage. [hidden defects]
102284 | Vaults:5 | Lost mutation: You have hidden genetic defects. [hidden
                  | defects expressed]
102289 | Vaults:5 | Reached skill level 10 in Ice Magic
102301 | Vaults:5 | Killed a dread lich
102593 | D:10     | Lost mutation: You are weak. (Str -2) [potion of mutation]
102593 | D:10     | Lost mutation: You are agile. (Dex +4, Str/Int -1) [potion
                  | of mutation]
102593 | D:10     | Lost mutation: You passively dampen the noise of your
                  | surroundings. [potion of mutation]
102594 | D:10     | Lost mutation: You are dopey. (Int -2) [potion of mutation]
102594 | D:10     | Lost mutation: You occasionally lose the ability to read
                  | scrolls when taking damage. [potion of mutation]
102594 | D:10     | Gained mutation: You are resistant to electric shocks.
                  | (rElec) [potion of mutation]
102594 | D:10     | Gained mutation: Your spells are a little harder to cast,
                  | but a little more powerful. [potion of mutation]
102595 | D:10     | Lost mutation: Your body sometimes deteriorates upon taking
                  | damage. [potion of mutation]
102595 | D:10     | Lost mutation: Your system is resistant to poisons. (rPois)
                  | [potion of mutation]
102595 | D:10     | Lost mutation: You are resistant to electric shocks.
                  | (rElec) [potion of mutation]
102595 | D:10     | Gained mutation: You have sharp toenails. [potion of
                  | mutation]
102596 | D:10     | Lost mutation: You occasionally lose the ability to drink
                  | potions when taking damage. [potion of mutation]
102596 | D:10     | Lost mutation: You have sharp toenails. [potion of
                  | mutation]
102596 | D:10     | Lost mutation: You are strong-willed. (Will+) [potion of
                  | mutation]
102596 | D:10     | Gained mutation: You are frail. (-10% HP) [potion of
                  | mutation]
102596 | D:10     | Gained mutation: You occasionally lose the ability to drink
                  | potions when taking damage. [potion of mutation]
102596 | D:10     | Gained mutation: You have sharp fingernails. [potion of
                  | mutation]
102596 | D:10     | Gained mutation: You are resistant to electric shocks.
                  | (rElec) [potion of mutation]
102597 | D:10     | Lost mutation: You are frail. (-10% HP) [potion of
                  | mutation]
102597 | D:10     | Lost mutation: You are resistant to electric shocks.
                  | (rElec) [potion of mutation]
102597 | D:10     | Gained mutation: You are frail. (-10% HP) [potion of
                  | mutation]
102798 | Vaults:5 | Noticed Sojobo
102805 | Vaults:5 | Killed Sojobo
102962 | Vaults:5 | Noticed Mara
103409 | Vaults:5 | Killed Mara
104215 | Vaults:5 | Identified the +3 scale mail "Jumoe" {rElec}
104217 | Vaults:5 | Identified the +14 plate armour "Wug Pyz" {rPois rCorr
                  | SInv}
104233 | Vaults:5 | Identified the +7 dagger "Jaufom" {heavy, Str+2}
104331 | Vaults:5 | Got a silver rune of Zot
104355 | Vaults:5 | Identified the +0 plate armour "Faurigut" {Str+2}
104401 | Vaults:5 | Identified the +0 mace "Utorghead" {vamp, Str+6 Int+2}
104415 | Vaults:5 | Identified the staff of Ashenzari's Regard {rN++ Will+
                  | Dex+3 Earth}
104722 | Vaults:4 | Found a bloodstained altar of Trog.
104722 | Vaults:4 | Found the +8 Wrath of Trog {antimagic, *Rage Rampage}
104770 | Vaults:4 | Found a transporter.
104770 | Vaults:4 | Found a runed translucent door.
104801 | Vaults:4 | You fall into a shaft and drop 1 floor!
104958 | Vaults:4 | You fall into a shaft and drop 1 floor!
105233 | Vaults:4 | You fall into a shaft and drop 1 floor!
105424 | Vaults:4 | Identified the +7 chain mail of Gedih {Fly Regen+ Str-5}
105436 | Vaults:4 | Identified the ring "Dyraq" {Str-4 Int+7 Slay+4}
105772 | Depths:1 | Killed an ancient lich
105775 | Depths:1 | Killed an ancient lich
105786 | Depths:1 | Killed Ciogh's ghost
105881 | Depths:1 | Acquired Junnoush's Grimoire of Gathered Open Graves
106142 | D:10     | Learned a level 9 spell: Polar Vortex
106363 | Zot:1    | Entered Level 1 of the Realm of Zot
106724 | Zot:1    | Noticed an orb of fire
106745 | Zot:1    | Gained mutation: Potions are less effective at restoring
                  | your health. [an orb of fire]
106747 | Zot:1    | Killed an orb of fire
107023 | Zot:1    | Reached skill level 15 in Ice Magic
107369 | Zot:1    | Noticed an orb of fire
107374 | Zot:1    | Killed an orb of fire
107926 | Zot:2    | Identified the +6 executioner's axe of the Lair of Beasts
                  | {flame, Will++ rCorr Str-4}
108651 | Zot:2    | Noticed a Killer Klown
108670 | Zot:2    | Killed a Killer Klown
108728 | Zot:2    | Found a snail-covered altar of Cheibriados.
108813 | Zot:2    | Reached skill level 1 in Long Blades
109750 | Zot:5    | Entered Level 5 of the Realm of Zot
109784 | Zot:5    | Reached skill level 5 in Long Blades
111545 | Zot:4    | HP: 1/191 [death cob (17)]
111546 | Zot:4    | Demolished by a death cob

Illustrated notes

Levels and vault maps discovered:
D:1:      dpeg_arrival_arbitrary_c, layout_basic, serial_shops, shop,
          minmay_pentomino_r2
D:2:      layout_rooms, basic_altar
D:3:      layout_basic, hellmonk_ecumenical_altar_heavens_door,
          minmay_misc_feat_encased
D:4:      layout_loops_ring, minmay_misc_feat_diagonals, bh_walls_and_bars
D:5:      layout_gridville, uniq_ijyb
D:6:      layout_cave_pools, serial_demonic, serial_demonic_b, serial_demonic_e,
          serial_demonic_f, serial_demonic_a, serial_demonic_d,
          serial_demonic_d, serial_demonic_f, serial_demonic_c,
          serial_demonic_f, serial_demonic_e, uniq_grinder
D:7:      layout_loops_ring, minmay_temple_entry_stoned_glass, serial_shops,
          shop, hangedman_abyss_or_decor_stagger, uniq_crazy_yiuf_cottage
D:8:      layout_loops_ring, uniq_maggie
D:9:      layout_loops_corners, chequers_temple_overflow_minitemple,
          lair_entry_dummy, roderic_roman_lattice
D:10:     layout_roguey, erik_orc_1, enter_bailey_3, uniq_josephine
D:11:     layout_irregular_city
D:12:     layout_basic, serial_shops, nicolae_shop_trees,
          nicolae_trove_entry_columns
D:13:     layout_rooms, uniq_sonja
D:14:     layout_loops_ring, hellmonk_vaults_keyhole,
          hangedman_decor_cross_pass, hangedman_tell_no_tales, uniq_nessos
D:15:     gammafunk_enter_depths_forms, layout_grid_maze
Lair:1:   minmay_lair_venomous_thicket, layout_cellular_growth,
          lemuel_fruit_tree, uniq_amaemon, uniq_joseph
Lair:2:   layout_cave_pods, nicolae_swamp_entry_spooky,
          nicolae_volcano_entry_two_sided, roderic_carrion_pond,
          beast_lair_carwin_5
Lair:3:   layout_loops_ring, minmay_snake_entry_guardpost_small,
          guppyfry_lair_drakes, uniq_prince_ribbit2
Lair:4:   layout_cave_pods, grunt_megastairs_1, infiniplex_staircase_pool
Lair:5:   hellmonk_lair_end_abyssal_woods, layout_gridlike, slime_entry_1,
          basic_altar, pdpol_lair_cavern_descent, grunt_megastairs_3
Swamp:1:  layout_basic_swamp, evilmike_swamp_ruin_rubble_1, swamp_pool_3,
          nicolae_swamp_feature_on_the_river_bank
Swamp:2:  nicolae_swamp_ascending_descending_big, layout_basic_swamp,
          nicolae_swamp_triple_paths, nicolae_swamp_decorative_isthmus
Swamp:3:  layout_basic_swamp, nicolae_swamp_stair_fork, uniq_roxanne
Swamp:4:  swamp_old_school, layout_basic_swamp
Snake:1:  layout_misc_corridors, serial_bayou_shore_a, uniq_aizul
Snake:2:  layout_rooms, abandoned_shop, uniq_jorgrun
Snake:3:  layout_onion, nicolae_snake_naga_rites
Snake:4:  hellmonk_snake_rune_quicksilver_temple, layout_chambers, uniq_louise,
          uniq_vashnia
Slime:1:  layout_caves
Slime:2:  layout_caves
Slime:3:  layout_caves
Slime:4:  cheibrodos_slime_lost_civilization_1, layout_caves
Slime:5:  slime_pit
Orc:1:    layout_caves, nicolae_orc_pool_cavern
Orc:2:    st_orc_congregation, layout_diamond_mine, serial_shops, shop
Elf:1:    elf_arrival_002, layout_loops_cross, serial_sigils,
          serial_sigils_hangedman_writhe, serial_sigils_hangedman_snap,
          serial_sigils_hangedman_quiver, serial_sigils_hangedman_snap,
          serial_sigils_hangedman_etch, uniq_kirke, uniq_asterion
Elf:2:    nicolae_elf_blades_splatter_lattice
          [nicolae_blade_entry_floor_patterns], layout_rooms, mu_enter_wizlab_5,
          serial_shops, shop, nicolae_elf_martial_mastery, uniq_nikola,
          uniq_norris
Elf:3:    minmay_elf_hall_furrowed, layout_gridlike,
          portal_ice_cave_entry_dragon, serial_shops, nicolae_shop_waterfront
Vaults:1: ebering_ghost_rock_garden, nicolae_vaults_inception_statues,
          nicolae_vaults_oozy_zoo, nicolae_vaults_ellipses_ellipsis,
          serial_ice_b, vaults_dpeg_hooks, layout_vaults_omnigrid, serial_shops,
          nicolae_shop_tiny_real_fake_doors
Vaults:2: nicolae_vaults_house_1, nicolae_vaults_prndl,
          nicolae_vaults_border_crossing, v_misc_12,
          nicolae_vaults_closet_pinwheel_1, nicolae_vaults_weapon_check,
          nicolae_vaults_house_2, minmay_crypt_entry_necro_gods,
          nicolae_vaults_circle_grid_a, v_rooms_4, st_smaller_cells,
          nicolae_vaults_variable_pillar_hall, nicolae_vaults_yaktaur_gun_rack,
          layout_vaults_omnibox, serial_shops, shop, uniq_saint_roka
Vaults:3: grunt_vaults_swirl, nicolae_vaults_six-pack,
          nicolae_vaults_frosty_reception, hangedman_vaults_slice, v_misc_33,
          v_misc_18, nicolae_vaults_diamond_1, ontoclasm_vaults_claustrophobia,
          st_lines, nicolae_vaults_tetromino_L_1, ontoclasm_vaults_twist,
          layout_vaults_omnicross
Vaults:4: portal_desolation_entry_twin_temple, vaults_mumra_hex,
          emtedronai_trogs_sanctum, hangedman_vaults_slice, v_pattern_5,
          nicolae_vaults_closet_pinwheel_1, nicolae_vaults_big_ls,
          ontoclasm_vaults_decontamination, nicolae_vaults_oval_intersection,
          layout_vaults_maze_snakey, serial_shops, statue_bzr, uniq_jory
Vaults:5: uniq_mara, uniq_sojobo
Crypt:1:  layout_catacombs, ebering_ghost_disaster_area, st_shrine_of_skulls,
          uniq_xtahua, uniq_mennas, uniq_josephina
Crypt:2:  hangedman_staggered_hall, layout_chaotic_city, nicolae_letterblocks
          [nicolae_letter_subblock, nicolae_letter_subblock,
          nicolae_letter_subblock, nicolae_letter_subblock,
          nicolae_letter_subblock, nicolae_letter_subblock,
          nicolae_letter_subblock, nicolae_letter_subblock,
          nicolae_letter_subblock, nicolae_letter_subblock,
          nicolae_letter_subblock, nicolae_letter_subblock,
          nicolae_letter_subblock, nicolae_letter_subblock,
          nicolae_letter_subblock, nicolae_letter_subblock,
          nicolae_letter_subblock, nicolae_letter_subblock,
          nicolae_letter_subblock, nicolae_letter_subblock,
          nicolae_letter_subblock, nicolae_letter_subblock,
          nicolae_letter_subblock, nicolae_letter_subblock,
          nicolae_letter_subblock], uniq_donald, uniq_frederick
Crypt:3:  evilmike_haunted_forest
Tomb:1
Depths:1: layout_gridville, gammafunk_ghost_abyssal_escape, hell_entry,
          nicolae_hexahallways, nicolae_wooded_promenade, lemuel_old_faithful
Depths:2: minmay_triangles_in_corner, layout_honeycomb, ziggurat_fallback,
          hangedman_decor_clover_reticule, rand_demon_pan_entry_4,
          hangedman_coc_ice_floe, infiniplex_staircase_spiral
Depths:3: evilmike_silver_temple, layout_basic, abyss_entry_small_statue_room,
          pan_entry, grunt_mini_vestibule, chequers_serial_rivers_micro_d,
          nicolae_figureground_sparkle, uniq_margery, uniq_enchantress,
          uniq_parghit
Depths:4: grunt_x_marks_the_spot, layout_basic, serial_bayou_shore_b,
          abyss_entry, hell_entry
Zot:1:    grunt_zot_stairs_mandelzot, layout_gridlike, skrybe_zot_glass_2
Zot:2:    layout_onion_interference, regret_index_zotdec_icy_dp,
          lemuel_golem_globe
Zot:3:    layout_basic
Zot:4:    layout_gridlike, grunt_megastairs_5
Zot:5:    layout_basic

Skill      XL: |  1  2  3  4  5  6  7  8  9 10 11 12 13 14 15 16 17 18 19 20 21 22 23 24 25 26 27 |
---------------+----------------------------------------------------------------------------------+-----
Ranged Weapons | 1 2 3 4 5 6 7 8 9 10 | 10.3
Spellcasting   | 1 2 3 4 5 6 7 8 9 11 12 13 14 15 16 17 18 20 | 20.0
Fighting       | 4 5 6 7 8 9 10 11 12 13 14 15 20 | 20.0
Shields        | 1 2 3 4 5 6 7 8 9 10 11 12 13 14 15 16 17 18 20 | 20.0
Armour         | 1 2 3 4 5 6 7 8 10 11 12 13 | 13.0
Dodging        | 2 3 4 5 6 |  6.0
Earth Magic    | 1 3 4 6 8 |  8.0
Conjurations   | 1 2 3 4 6 7 8 9 12 13 14 15 16 18 19 20 | 20.0
Maces & Flails | 3 4 5 6 7 |  7.7
Alchemy        | 5 7 9 10 | 10.0
Air Magic      | 3 4 6 7 |  7.0
Fire Magic     | 3 5 6 7 8 9 11 12 14 16 18 19 20 | 20.0
Necromancy     | 2 3 6 8 |  8.2
Translocations | 2 |  2.7
Ice Magic      | 1 2 4 5 7 8 18 | 18.7
Staves         | 2 |  2.8
Stealth        | 9 |  9.0
Long Blades    | 6 |  6.0

Action                     |  1- 3 |  4- 6 |  7- 9 | 10-12 | 13-15 | 16-18 | 19-21 | 22-24 | 25-27 || total
---------------------------+-------+-------+-------+-------+-------+-------+-------+-------+-------++-------
  Melee: Mace              |     8 |       |       |       |       |       |       |       |       ||     8
         Short sword       |       |    63 |   151 |   269 |   339 |    74 |    10 |       |       ||   906
         Flail             |       |     3 |    83 |    43 |    76 |   108 |    84 |       |       ||   397
         Long sword        |       |       |       |    15 |     4 |    49 |    13 |     1 |    12 ||    94
         Unarmed           |       |       |       |    10 |       |       |       |       |       ||    10
         Demon whip        |       |       |       |       |       |       |   143 |   507 |   484 ||  1134
         Dagger            |       |       |       |       |       |       |       |     1 |       ||     1
   Fire: Sling             |    82 |    65 |   111 |       |       |       |       |       |       ||   258
         Shortbow          |       |       |    28 |    47 |       |       |       |       |       ||    75
         Orcbow            |       |       |       |   206 |   747 |   442 |   158 |       |    65 ||  1618
         Longbow           |       |       |       |       |       |     5 |   159 |   209 |   438 ||   811
  Throw: Dart              |       |       |       |     3 |     5 |     7 |     6 |     2 |     1 ||    24
         Throwing net      |       |       |       |       |       |       |     1 |     1 |       ||     2
   Cast: Stone Arrow       |       |       |       |    86 |   220 |   385 |   144 |    64 |    26 ||   925
         Sting             |       |       |       |    19 |     3 |       |       |       |       ||    22
         Mephitic Cloud    |       |       |       |    11 |   109 |    23 |       |       |       ||   143
         Ozocubu's Armour  |       |       |       |       |     2 |     4 |     1 |       |     3 ||    10
         Orb of Destructio |       |       |       |       |       |    43 |   157 |   176 |   268 ||   644
         Freezing Cloud    |       |       |       |       |       |   104 |   201 |    93 |    50 ||   448
         Sublimation of Bl |       |       |       |       |       |    20 |     5 |     3 |   248 ||   276
         Fireball          |       |       |       |       |       |       |    30 |    31 |    13 ||    74
         Olgreb's Toxic Ra |       |       |       |       |       |       |    68 |   120 |    19 ||   207
         Ignite Poison     |       |       |       |       |       |       |    16 |   150 |    25 ||   191
         Conjure Ball Ligh |       |       |       |       |       |       |       |     6 |     1 ||     7
         Fire Storm        |       |       |       |       |       |       |       |       |   393 ||   393
         Iskenderun's Myst |       |       |       |       |       |       |       |       |    46 ||    46
         Ignition          |       |       |       |       |       |       |       |       |     3 ||     3
         Polar Vortex      |       |       |       |       |       |       |       |       |     1 ||     1
Ability: Dig               |     1 |       |       |     3 |     5 |     2 |     4 |     2 |    13 ||    30
         Shaft Self        |       |     1 |       |     2 |     1 |     2 |     2 |     1 |     4 ||    13
  Evoke: Wand              |       |       |       |     5 |     9 |     1 |     1 |     6 |     7 ||    29
         Lightning rod     |       |       |       |       |     4 |     2 |       |     6 |       ||    12
         Sack of spiders   |       |       |       |       |       |     1 |       |       |       ||     1
         Phial of floods   |       |       |       |       |       |       |       |     1 |       ||     1
    Use: Scroll            |     1 |     2 |       |    14 |    13 |    11 |     3 |       |    12 ||    56
         Potion            |       |       |     2 |     3 |     3 |     1 |     5 |     7 |    24 ||    45
   Stab: Sleeping          |     3 |     2 |       |     1 |     1 |     3 |     2 |    10 |     1 ||    23
         Confused          |       |       |       |     5 |    42 |     8 |       |       |       ||    55
         Paralysed         |       |       |       |       |     6 |       |       |       |       ||     6
         Distracted        |       |       |       |       |       |       |     4 |    13 |    16 ||    33
 Armour: Leather armour    |    21 |       |       |       |       |       |       |       |       ||    21
         Ring mail         |    15 |    91 |   227 |   345 |   412 |   407 |   442 |   388 |    54 ||  2381
         Skin              |       |       |       |     3 |       |     5 |       |       |       ||     8
         Acid dragon scale |       |       |       |       |       |       |       |       |   553 ||   553
  Dodge: Dodged            |    23 |    67 |   220 |   291 |   378 |   403 |   234 |   267 |   346 ||  2229
  Block: Buckler           |       |    32 |   116 |   182 |   270 |   217 |       |       |   270 ||  1087
         Kite shield       |       |       |       |       |       |    12 |   455 |   347 |       ||   814
         Tower shield      |       |       |       |       |       |       |       |   332 |   171 ||   503
         Reflection        |       |       |       |       |       |       |       |    12 |    25 ||    37

Table legend: (Time is in decaauts)
 A = Elapsed time spent in this place.
 B = Non-inter-level travel time spent in this place.
 C = Inter-level travel time spent in this place.
 D = Time resting spent in this place.
 E = Time spent auto-exploring this place.
 F = Levels seen in this place.
 G = Mean time per level.
                   A        B        C        D        E       F      G
               +--------+--------+--------+--------+--------+-----+--------+
         Total | 112136 |  99561 |  12575 |  37693 |  28818 |  60 | 1868.9 |
       Dungeon |  24389 |  19473 |   4916 |   5295 |   8367 |  15 | 1625.9 |
          Lair |  11934 |  10102 |   1832 |   3868 |   3212 |   5 | 2386.8 |
         Swamp |   7417 |   7155 |    262 |   3983 |   1575 |   4 | 1854.2 |
     Snake Pit |   9365 |   8822 |    543 |   4507 |   1317 |   4 | 2341.2 |
    Slime Pits |   6083 |   5562 |    521 |   1720 |   1699 |   5 | 1216.6 |
  Orcish Mines |   4446 |   3900 |    546 |   1346 |    636 |   2 | 2223.0 |
   Elven Halls |   8237 |   7383 |    854 |   3492 |   1538 |   3 | 2745.7 |
        Vaults |  12340 |  10727 |   1613 |   3680 |   3095 |   5 | 2468.0 |
         Crypt |   8546 |   7997 |    549 |   2831 |   2260 |   3 | 2848.7 |
          Tomb |   1774 |   1602 |    172 |    512 |    102 |   1 | 1774.0 |
        Depths |  10306 |   9775 |    531 |   3983 |   2874 |   4 | 2576.5 |
           Zot |   5177 |   4944 |    233 |   1461 |   1828 |   5 | 1035.4 |
         Trove |    191 |    191 |      0 |      0 |    131 |   1 |  191.0 |
      Ice Cave |   1096 |   1096 |      0 |    833 |      0 |   1 | 1096.0 |
       Volcano |    714 |    714 |      0 |    145 |    183 |   1 |  714.0 |
        Wizlab |    116 |    116 |      0 |     33 |      0 |   1 |  116.0 |
               +--------+--------+--------+--------+--------+-----+--------+

Top non-repeatable levels by time:
   Elf:2: 3934 daAuts
  Lair:5: 3774 daAuts
 Crypt:3: 3662 daAuts
 Snake:4: 3248 daAuts
 Crypt:1: 3131 daAuts
    D:10: 3049 daAuts
Vaults:4: 3015 daAuts
   Orc:2: 2995 daAuts
    D:14: 2954 daAuts
Vaults:2: 2895 daAuts
Depths:3: 2878 daAuts
Depths:2: 2808 daAuts
   Elf:3: 2775 daAuts
    D:15: 2625 daAuts
Depths:4: 2589 daAuts
